 Dungeon Crawl Stone Soup version 0.29.1-4-g47bece8355 (webtiles) character file.

Game seed: 5260138104586812359

1005 GigaChad the Chopper (level 8, -2/70 HPs)
             Began as a Minotaur Fighter on Dec 7, 2022.
             Slain by Duvessa
             ... wielding a +0 rapier
              (3 damage)
             ... on level 4 of the Dungeon.
             The game lasted 00:03:39 (4269 turns).

GigaChad the Chopper (Minotaur Fighter)             Turns: 4269, Time: 00:03:40

Health: -2/70      AC: 11    Str: 24    XL:     8   Next: 0%
Magic:  7/7        EV:  8    Int:  5    God:
Gold:   150        SH:  5    Dex:  9    Spells: 7/7 levels left

rFire   . . .      SeeInvis .   a - +0 war axe
rCold   . . .      Faith    .   c - +0 buckler
rNeg    . . .      Spirit   .   g - +0 chain mail
rPois   .          Reflect  .   (helmet restricted)
rElec   .          Harm     .   s - +0 cloak
rCorr   .          Rampage  .   (no gloves)
Will    .....                   (no boots)
Stlth   ..........              (no amulet)
HPRegen 0.21/turn               (no ring)
MPRegen 0.10/turn               (no ring)

@: no status effects
A: horns 2, retaliatory headbutt
a: no special abilities


You were on level 4 of the Dungeon.
You visited 1 branch of the dungeon, and saw 4 of its levels.

You collected 150 gold pieces.

Inventory:

Hand Weapons
 a - a +0 war axe (weapon)
Armour
 b - a +0 scale mail
 c - a +0 buckler (worn)
 g - a +0 chain mail (worn)
 s - a +0 cloak (worn)
 A - the +0 leather armour of Articulation {Will+ rCorr Int+5 Dex+3}
   (You found it on level 4 of the Dungeon)

   Int:       It affects your intelligence (+5).
   Dex:       It affects your dexterity (+3).
   rCorr:     It protects you from acid and corrosion.
   Will:      It increases your willpower.
Jewellery
 u - a ring of magical power
 w - a +4 ring of protection
 y - a ring of resist corrosion
Wands
 m - a wand of roots (5)
 t - a wand of charming (10)
 v - a wand of quicksilver (6)
Scrolls
 e - a scroll of fear {unknown}
 h - 3 scrolls of identify {unknown}
 n - a scroll of silence {unknown}
 p - a scroll of enchant weapon {unknown}
 q - 2 scrolls of amnesia {unknown}
 x - a scroll of teleportation {unknown}
 B - a scroll of vulnerability {unknown}
Potions
 d - a potion of might
 f - 3 potions of curing {unknown}
 i - a potion of flight {unknown}
 j - a potion of cancellation {unknown}
 k - 3 potions of resistance
 l - a potion of mutation {unknown}
 o - a potion of degeneration {unknown}
 r - 2 potions of lignification {unknown}
 z - a potion of brilliance {unknown}


   Skills:
 + Level 5.9 Fighting
 + Level 7.3 Axes
 + Level 6.5 Armour
 + Level 1.2 Dodging
 + Level 0.5 Stealth
 + Level 5.4 Shields


You had 7 spell levels left.
You didn't know any spells.
Your spell library was empty.

Dungeon Overview and Level Annotations

Branches:
Dungeon (4/15)
 Temple: D:4-7

Altars:
Yredelemnul

Annotations:
D:4 Dowan, Duvessa


Innate Abilities, Weirdness & Mutations

You have a pair of horns on your head.
You reflexively headbutt those who attack you in melee.


Message History

Duvessa hits you with a +0 rapier. You block Duvessa's attack.
You hit Duvessa.
Duvessa is heavily wounded.
Duvessa hits you with a +0 rapier. Duvessa hits you but does no damage.
You hit Duvessa but do no damage. You headbutt Duvessa, but do no damage.
Duvessa is heavily wounded.
Dowan is no longer unusually resistant.
Duvessa hits you with a +0 rapier. x2
You barely miss Duvessa. Your headbutt misses Duvessa.
Duvessa is heavily wounded.
Duvessa hits you but does no damage. Duvessa hits you with a +0 rapier!
* * * LOW HITPOINT WARNING * * *
You hit Duvessa but do no damage.
Duvessa is heavily wounded.
Duvessa barely misses you.
Dowan smirks and points a slender finger.
Dowan gestures wildly while chanting.
Dowan blinks!
Duvessa gestures with her weapon.
Duvessa hits you with a +0 rapier.
* * * LOW HITPOINT WARNING * * *
You barely miss Duvessa.
Duvessa is heavily wounded.
Duvessa hits you but does no damage.
You hit Duvessa. You headbutt Duvessa, but do no damage.
Duvessa is severely wounded.
You block Duvessa's attack. Duvessa hits you but does no damage.
You hit Duvessa.
Duvessa is severely wounded.
Duvessa hits you with a +0 rapier.
* * * LOW HITPOINT WARNING * * *
Duvessa hits you with a +0 rapier.
* * * LOW HITPOINT WARNING * * *
You hit Duvessa.
Duvessa is almost dead.
Duvessa hits you with a +0 rapier.
* * * LOW HITPOINT WARNING * * *
You barely miss Duvessa.
Duvessa is almost dead.
Duvessa hits you with a +0 rapier.
You die...

#....## ##.##.##. #....#
#)##.#.. #....##
##....#..
#.....###..####..
#..........####..
#######.#......).
######.#)#####.#
#.#####........# #.#
#...[@e†e.....†#####.#
.......##....#.........#
.##..#. ##.#.###.#######
#. .. ...#.....# #.. #
.#.###.###########.#
#.#. #.# #..... . .. ..#
#..... ## ## ### #.....
#.....


You could see Duvessa (fast) and Dowan.

Vanquished Creatures
  Grinder (D:3)
  Sigmund (D:2)
  Menkaure (D:4)
  An ogre (D:4)
  An orc priest (D:3)
  A gnoll bouda (D:4)
  2 jellies (D:4)
  A hound (D:4)
  Natasha (thrice) (D:2)
  An iguana (D:4)
  Robin (D:4)
  4 gnolls (D:4)
  7 adders
  2 worms
  4 dart slugs
  6 orcs
  An endoplasm (D:1)
  2 giant cockroaches
  10 goblins
  7 hobgoblins
  3 jackals (D:2)
  2 quokkas
  8 ball pythons
  6 bats
  2 frilled lizards (D:2)
  6 kobolds
  9 rats
93 creatures vanquished.

Notes
Turn   | Place    | Note
-------+----------+-------------------------------------------
     0 | D:1      | GigaChad the Minotaur Fighter began the quest for the Orb.
     0 | D:1      | Reached XP level 1. HP: 19/19 MP: 0/0
   135 | D:1      | Reached XP level 2. HP: 16/27 MP: 1/1
   883 | D:2      | Reached XP level 3. HP: 31/33 MP: 2/2
   974 | D:2      | Noticed Sigmund
   986 | D:2      | Killed Sigmund
   987 | D:2      | Reached skill level 4 in Axes
   987 | D:2      | Reached skill level 5 in Armour
   987 | D:2      | Reached XP level 4. HP: 3/41 MP: 3/3
   987 | D:2      | Reached XP level 5. HP: 4/47 MP: 4/4
  1487 | D:2      | Found a faded altar of an unknown god.
  1660 | D:2      | Noticed Natasha
  1665 | D:2      | Killed Natasha
  1825 | D:2      | Noticed Natasha
  1830 | D:2      | Killed Natasha
  1831 | D:2      | Reached XP level 6. HP: 51/53 MP: 5/5
  1863 | D:2      | Noticed Natasha
  1866 | D:2      | Killed Natasha
  1902 | D:2      | Identified the +0 chain mail of Vehumet's Hatred {rPois
                  | rCorr}
  2256 | D:3      | Noticed Grinder
  2261 | D:3      | Paralysed by Grinder for 5 turns
  2277 | D:3      | Killed Grinder
  2278 | D:3      | Reached skill level 5 in Fighting
  2278 | D:3      | Reached skill level 5 in Axes
  2278 | D:3      | Reached XP level 7. HP: 35/61 MP: 6/6
  3259 | D:4      | Reached skill level 6 in Axes
  3259 | D:4      | Reached skill level 5 in Shields
  3304 | D:4      | Identified the +0 leather armour of Articulation {Will+
                  | rCorr Int+5 Dex+3}
  3403 | D:4      | Noticed Menkaure
  3411 | D:4      | Killed Menkaure
  3412 | D:4      | Reached skill level 1 in Dodging
  3566 | D:4      | Noticed Robin
  3578 | D:4      | Killed Robin
  3999 | D:4      | Reached skill level 7 in Axes
  4014 | D:4      | Found a basalt altar of Yredelemnul.
  4083 | D:4      | Reached XP level 8. HP: 44/70 MP: 7/7
  4240 | D:4      | Noticed Dowan
  4244 | D:4      | Noticed Duvessa
  4267 | D:4      | HP: 3/70 [Duvessa/+0 rapier (3)]
  4268 | D:4      | HP: 1/70 [Duvessa/+0 rapier (3)]
  4269 | D:4      | Slain by Duvessa

Illustrated notes

Levels and vault maps discovered:
D:1:      heliophobic_arrival_henge, layout_loops_ring, wad_floor_pattern_2
D:2:      layout_basic, basic_ecumenical_altar, st_stairs_2,
          minmay_misc_feat_secret_circle, kennysheep_boxes, uniq_sigmund,
          uniq_natasha
D:3:      layout_loops_ring, chequers_arboretum, uniq_grinder
D:4:      layout_loops_cross, marbit_many_paths, uniq_robin, uniq_duvessa,
          uniq_menkaure

Skill      XL: |  1  2  3  4  5  6  7 |
---------------+----------------------+-----
Shields        | 4 5 |  5.4
Armour         | 4 5 6 |  6.5
Fighting       | 4 5 |  5.9
Axes           | 4 5 7 |  7.3
Dodging        | 1 |  1.2
Stealth        | |  0.5

Action                   |  1- 3 |  4- 6 |  7- 9 || total
-------------------------+-------+-------+-------++-------
Melee: War axe           |    52 |    62 |   115 ||   229
       Headbutt          |     6 |    10 |    18 ||    34
Armor: Scale mail        |    10 |       |       ||    10
       Chain mail        |    23 |    37 |    83 ||   143
Dodge: Dodged            |    26 |    23 |    41 ||    90
Block: Buckler           |    12 |    13 |    40 ||    65
